 Dungeon Crawl Stone Soup version 0.32-a0-468-g38b2580584 (webtiles) character file.

Game seed: 6541877345659543318

42 Malificent the Ruffian (level 3, -3/24 HPs)
             Began as an Octopode Reaver on Feb 25, 2024.
             Frozen to death by an endoplasm (4 damage)
             ... on level 2 of the Dungeon.
             The game lasted 00:02:03 (997 turns).

Malificent the Ruffian (Octopode Reaver)             Turns: 997, Time: 00:02:03

Health: -3/24      AC:  1    Str: 13    XL:     3   Next: 56%
Magic:  6/6        EV: 13    Int: 15    God:
Gold:   102        SH:  0    Dex: 10    Spells: 5/6 levels left

rFire   . . .        e - +4 whip
rCold   . . .        (no shield)
rNeg    . . .        (helmet restricted)
rPois   .            (no amulet)
rElec   .            (no ring)
rCorr   .            (no ring)
SInv    .            (no ring)
Will    .....        (no ring)
Stlth   ++           (no ring)
HPRegen 0.24/turn    (no ring)
MPRegen 0.10/turn    (no ring)
                     (no ring)

%: no passive effects
@: no status effects
A: almost no armour, amphibious, 8 rings, camouflage 1, gelatinous body 1,
(nimble swimmer 1), tentacles
a: no special abilities


You were on level 2 of the Dungeon.
You visited 1 branch of the dungeon, and saw 2 of its levels.

You collected 102 gold pieces.

Inventory:

Hand Weapons
 e - a +4 whip (weapon)
Jewellery
 d - a ring of positive energy
Scrolls
 a - a scroll of noise {unknown}
 f - 2 scrolls of identify {unknown}
 h - a scroll of enchant armour {unknown}
 j - a scroll of silence {unknown}
Potions
 b - a potion of enlightenment {unknown}
 c - a potion of resistance {unknown}
 g - a potion of ambrosia {unknown}
 i - a potion of haste {unknown}


   Skills:
 + Level 2.1 Fighting
 + Level 2.1 Dodging
 + Level 1.0 Stealth
 + Level 3.7 Unarmed Combat
 + Level 2.0 Spellcasting
 + Level 3.4 Conjurations


You had 5 spell levels left.
You knew the following spells:

 Your Spells              Type           Power      Damage    Failure   Level
a - Kiss of Death         Conj/Necr      24%        2d7       11%         1

Your spell library contained the following spells:

 Spells                   Type           Power      Damage    Failure   Level
 Momentum Strike          Conj/Tloc      12%        3d8       17%         2
 Freeze                   Ice            4%         1d3       22%         1
 Hailstorm                Conj/Ice       6%         3d5       32%         3
 Frozen Ramparts          Ice            2%         1d1       54%         3
 Gell's Gravitas          Tloc           1%         N/A       54%         3
 Teleport Other           Tloc           1%         N/A       54%         3
 Dispersal                Tloc           0%         N/A       100%        6


Dungeon Overview and Level Annotations

Branches:
Dungeon (2/15)

Altars:


Innate Abilities, Weirdness & Mutations

You cannot wear most types of armour.
You are amphibious.
You can wear up to eight rings at the same time.
Your skin changes colour to match your surroundings (Stealth+).
Your rubbery body absorbs attacks. (AC +1, EV +1)
((You are camouflaged when in or above water. (Stealth+)))
You have tentacles for arms and can constrict up to eight enemies at once.


Message History

The bat barely misses you. The bat misses you.
You hit the bat.
You kill the bat!
i - a glowing yellow potion
j - a scroll labelled ATIBIK LENTE You now have 102 gold pieces (gained 2).
Found a stone staircase leading down.
You pick up a There-And-Back Book and begin reading...
You add the spells Gell's Gravitas, Teleport Other and Dispersal to your library.
A goblin comes into view. It is wielding a +0 club.
The goblin shouts!
You whack the goblin!
You kill the goblin!
You open the door.
A goblin and an endoplasm come into view.
The goblin shouts!
There is an open door here.
You barely miss the endoplasm. You squeeze the endoplasm.
The endoplasm is moderately wounded.
The endoplasm hits you. The goblin hits you with a +0 club.
The endoplasm freezes you.
You are frozen.
The endoplasm attacks as it pursues you!
The endoplasm hits you.
You hit the endoplasm.
The endoplasm is almost dead.
The goblin hits you with a +0 club. The endoplasm closely misses you.
You barely miss the goblin. You grab the goblin. You squeeze the goblin.
You kill the goblin!
The endoplasm freezes you.
You are frozen.
* * * LOW HITPOINT WARNING * * *
The endoplasm hits you.
* * * LOW HITPOINT WARNING * * *
You see here a +0 club.
The endoplasm freezes you.
You are frozen.
You die...

#.# ##+#### ####.##.###. #.#
##...## #.##.# #.
#####.######.....## #.##.###.
#........##.......## ##. #..##.
#.#...##.#.........####...##.##.
#........+.........+............
#.#...##.#.........# ##...##.##.
#.....# ##....J..# ##........
#.#.### ##...@)## #.......#
#.#.# ##...## #.###.#.#
#.#.####.# ##'## #.##..#.#
#<..)....# #.# #.##.##.#
###.###### #.# ######.##.##.#
#.# ##.## #......##.##.# #.#
##..)###.###........# #.#
#.>...##.# #.....#### #.#
####...###.###.#####


You could see an endoplasm.

Vanquished Creatures
  A gnoll (D:1)
  A ribbon worm (D:2)
  4 endoplasms (D:1)
  A giant cockroach (D:1)
  3 goblins
  2 hobgoblins (D:1)
  A quokka (D:1)
  2 ball pythons (D:1)
  5 bats
  6 kobolds
  2 rats (D:1)
28 creatures vanquished.

Notes
Turn   | Place    | Note
-------+----------+-------------------------------------------
     0 | D:1      | Malificent the Octopode Reaver began the quest for the Orb.
     0 | D:1      | Reached XP level 1. HP: 14/14 MP: 3/3
    45 | D:1      | Reached XP level 2. HP: 13/19 MP: 5/5
   280 | D:1      | Reached XP level 3. HP: 21/24 MP: 6/6
   850 | D:2      | Reached skill level 1 in Stealth
   996 | D:2      | HP: 1/24 [endoplasm (3)]
   997 | D:2      | Frozen to death by an endoplasm

Illustrated notes

Levels and vault maps discovered:
D:1:      roderic_dead_forest, layout_basic
D:2:      layout_loops_corners

Skill      XL: |  1  2  3 |
---------------+----------+-----
Stealth        | 1 |  1.0
Fighting       | |  2.1
Dodging        | |  2.1
Unarmed Combat | |  3.7
Spellcasting   | |  2.0
Conjurations   | |  3.4

Action                     || total
---------------------------++-------
  Melee: Unarmed           ||    37
         Constrict         ||     9
         Tentacles         ||    11
         Punch             ||     2
         Whip              ||    12
   Stab: Sleeping          ||     5
 Armour: Skin              ||    24
  Dodge: Dodged            ||    27

Table legend: (Time is in decaauts)
 A = Elapsed time spent in this place.
 B = Non-inter-level travel time spent in this place.
 C = Inter-level travel time spent in this place.
 D = Time resting spent in this place.
 E = Time spent auto-exploring this place.
 F = Levels seen in this place.
 G = Mean time per level.
                   A        B        C        D        E       F      G
               +--------+--------+--------+--------+--------+-----+--------+
         Total |    995 |    961 |     34 |      0 |    709 |   2 |  497.5 |
       Dungeon |    995 |    961 |     34 |      0 |    709 |   2 |  497.5 |
               +--------+--------+--------+--------+--------+-----+--------+

Top non-repeatable levels by time:
     D:1: 843 daAuts
     D:2: 151 daAuts
